 Dungeon Sprint DCSS version 0.20-a0-1058-g0491fde (webtiles) character file.

9388 potatolord5000 the Impaler (level 11, -5/101 HPs)
             Began as a Merfolk Earth Elementalist on Apr 26, 2017.
             Was the Champion of Wu Jian.
             Slain by a necrophage (7 damage)
             ... while paralysed
             ... in the Dungeon (Sprint V: "Ziggurat Sprint").
             The game lasted 00:15:57 (1549 turns).

potatolord5000 the Impaler (MfEE)                   Turns: 1549, Time: 00:15:58

Health: -5/101     AC: 11    Str: 10    XL:     11   Next: 45%
Magic:  23/23      EV:  2    Int: 12    God:    Wu Jian [******]
Gold:   0          SH:  0    Dex: 26    Spells: 13/14 levels left

rFire    + + .     SeeInvis +   A - +8 lance "Wyrmbane" {slay drac, rPois rF+ rC+ AC+3}
rCold    + . .     Gourm    .   (no shield)
rNeg     . . .     Faith    .   z - +3 leather armour {rF+}
rPois    +         Spirit   .   c - +1 helmet {SInv}
rElec    .         Reflect  .   (no cloak)
rCorr    .         Harm     .   (no gloves)
MR       +++..     NoTele   +   (no boots)
Stlth    +++++++...             (no amulet)
Regen    0.3/turn               y - +6 ring of dexterity
MPRegen  0.2/turn               k - ring "Duxuar" {MR+++ MP+9 Int-2 Dex+3 SInv}

@: paralysed, exhausted, slowed
A: change form in water, swift swim, stealthy swim
a: Serpent's Lash, Heavenly Storm, Renounce Religion


You were in the Dungeon.
You worshipped Wu Jian.
Wu Jian was exalted by your worship.
You were not hungry.

You visited 1 branch

Inventory:

Hand Weapons
 A - the +8 lance "Wyrmbane" (weapon) {slay drac, rPois rF+ rC+ AC+3}
   (You found it in the Dungeon)

   It affects your AC (+3).
   It protects you from fire.
   It protects you from cold.
   It protects you from poison.
Armour
 c - a +1 helmet of see invisible (worn)
 z - a +3 leather armour of fire resistance (worn)
Jewellery
 k - the ring "Duxuar" (right hand) {MR+++ MP+9 Int-2 Dex+3 SInv}
   (You found it in the Dungeon)

   [ring of dexterity]

   It affects your intelligence (-2).
   It affects your dexterity (+3).
   It affects your resistance to hostile enchantments.
   It affects your magic capacity (+9).
   It lets you see invisible.
 y - a +6 ring of dexterity (left hand)
Scrolls
 j - 4 scrolls of blinking
 m - a scroll of brand weapon
 p - 4 scrolls of amnesia
 q - 3 scrolls of recharging
 r - 7 scrolls of fog
 s - a scroll of holy word
 t - 5 scrolls of identify
 u - 5 scrolls of remove curse
 v - 2 scrolls of fear
Potions
 a - 2 potions of brilliance
 b - a potion of invisibility
 e - 10 potions of curing
 f - 13 potions of heal wounds
 g - 10 potions of haste
 h - 7 potions of magic
 i - a potion of berserk rage
 l - 4 potions of resistance
 n - 3 potions of agility
 o - 3 potions of might
Comestibles
 d - 5 bread rations
 w - 42 fruits
 x - 3 meat rations


   Skills:
 + Level 14.7 Fighting
 + Level 18.4 Polearms
 + Level 17.2 Dodging
 + Level 15.9 Stealth
 - Level 2.0 Spellcasting
   Level 1.3 Transmutations
 - Level 2.4 Earth Magic


You had 13 spell levels left.
You knew the following spells:

 Your Spells              Type           Power        Failure   Level  Hunger
a - Sandblast             Erth           #.....       14%         1    ##.....


Dungeon Overview and Level Annotations

Branches:
Dungeon (1/1)

Altars:
Ashenzari
Cheibriados
Dithmenos
Elyvilon
Fedhas
Gozag
Hepliaklqana
Kikubaaqudgha
Makhleb
Nemelex Xobeh
Okawaru
Qazlal
Ru
Sif Muna
Trog
Uskayaw
Vehumet
Wu Jian
Xom
Yredelemnul
Zin
The Shining One
Beogh
Jiyva
Lugonu

Annotations:
D 1 transporter


Message History

The necromancer is moderately wounded.
You impale the necromancer!!
The necromancer is almost dead.
The necromancer misses you.
You completely miss the necromancer.
The necromancer is almost dead.
The necromancer's soul is no longer bound.
You hit the necromancer.
You kill the necromancer!
The Council accepts your kill.
You feel a strong urge to attack something.
You have no room to wall jump; the ancient lich is in the way.
You are no longer berserk.
You pass out from exhaustion.
You feel yourself slow down.
The necromancer simulacrum hits you but does no damage.
The ancient lich touches you.
* * * LOW HITPOINT WARNING * * *
The necrophage hits you!
You die...

▓...8©8...▓...8©8...▓...
▓..):=})}.▓..)|))[..▓..}
▓..:[)|[..▓..}|})}..▓...
▓.........▓.........▓...
▓.........▓.........▓...
▓.........▓.........▓...
▓.........▓.........▓...
▓...|zZ...▓.........▓.▓.
▓.▓)..n@▓.▓.........▓...
▓.....L...▓.........▓▓▓▓
▓▓▓▓▓▓▓▓▓▓▓▓▓▓▓▓▓▓▓▓▓


You could see an ancient lich, a necrophage, a wight and a necromancer
simulacrum.

Vanquished Creatures
  A vampire knight (D)
  2 wolf spiders (D)
  2 necromancers (D)
  An ugly thing (D)
  An orb spider (D)
  A torpor snail (D)
  2 naga magi (D)
  A rime drake (D)
  A komodo dragon (shapeshifter) (D)
  3 hornets (D)
  A shadow (D)
  A spriggan (shapeshifter) (D)
  2 spriggans (D)
  3 tarantellas (D)
  2 fire elementals (D)
  2 wyverns (D)
  A steam dragon (D)
  2 acid dragons (D)
  2 nagas (D)
  A water moccasin (D)
  A swamp drake (D)
  3 phantoms (D)
  6 black bears (D)
  A wolf (D)
  A boggart (shapeshifter) (D)
  5 necrophages (D)
  4 wights (D)
  4 adders (D)
  2 adder zombies (D)
  3 adder skeletons (D)
  2 bat zombies (D)
  2 ball pythons (D)
  A jackal skeleton (D)
  A jackal zombie (D)
  A fire vortex (D)
69 creatures vanquished.

Vanquished Creatures (others)
  A spatial maelstrom (D)
  A water moccasin (D)
  2 fire vortices (D)
4 creatures vanquished.

Grand Total: 73 creatures vanquished

Notes
Turn   | Place    | Note
-------+----------+-------------------------------------------
     0 | D        | potatolord5000 the Merfolk Earth Elementalist began the quest for the Orb.
     0 | D        | Reached XP level 1. HP: 13/13 MP: 3/3
     0 | D        | Found a blossoming altar of Fedhas.
     2 | D        | Found a deep blue altar of Sif Muna.
     2 | D        | Found a sacrificial altar of Ru.
     2 | D        | Found a bloodstained altar of Trog.
     2 | D        | Found a stormy altar of Qazlal.
     2 | D        | Found an iron altar of Okawaru.
     2 | D        | Found a sparkling altar of Nemelex Xobeh.
     4 | D        | Found an ancient bone altar of Kikubaaqudgha.
     4 | D        | Found a viscous altar of Jiyva.
     4 | D        | Found a corrupted altar of Lugonu.
     4 | D        | Found a hazy altar of Hepliaklqana.
     4 | D        | Found a burning altar of Makhleb.
     4 | D        | Found an opulent altar of Gozag.
    23 | D        | Banished a spatial maelstrom
   128 | D        | Became a worshipper of the Wu Jian Council
   143 | D        | Reached skill level 4 in Polearms
   143 | D        | Reached skill level 5 in Dodging
   143 | D        | Reached XP level 2. HP: 25/25 MP: 5/5
   148 | D        | Entered arena 2.
   148 | D        | Noticed a phantom
   148 | D        | Noticed a wight
   154 | D        | Killed a phantom
   154 | D        | Reached skill level 5 in Fighting
   154 | D        | Reached skill level 7 in Polearms
   154 | D        | Reached XP level 3. HP: 33/33 MP: 6/6
   154 | D        | Reached XP level 4. HP: 39/39 MP: 7/7
   162 | D        | Reached XP level 5. HP: 46/46 MP: 8/8
   184 | D        | Got the ring "Duxuar" {MR+++ MP+9 Int-2 Dex+3 SInv}
   251 | D        | Entered arena 3.
   251 | D        | Noticed a spriggan
   251 | D        | Noticed a spriggan
   251 | D        | Noticed a black bear
   257 | D        | Killed a spriggan
   257 | D        | Reached * piety under Wu Jian
   257 | D        | Reached skill level 9 in Polearms
   257 | D        | Reached XP level 6. HP: 35/55 MP: 9/9
   262 | D        | Killed a black bear
   262 | D        | Reached skill level 10 in Polearms
   268 | D        | Killed a spriggan
   268 | D        | Reached skill level 10 in Dodging
   268 | D        | Reached XP level 7. HP: 57/63 MP: 10/10
   291 | D        | Entered arena 4.
   295 | D        | Reached ** piety under Wu Jian
   303 | D        | Got the ring "Jenynugg" {rF+ Str+4 Int+4 Stlth+}
   314 | D        | Entered arena 5.
   314 | D        | Noticed a soldier ant
   314 | D        | Noticed a fire crab
   314 | D        | Noticed a red ugly thing
   315 | D        | Noticed a yak
   315 | D        | a soldier ant changed into a yak
   316 | D        | Noticed a spriggan
   316 | D        | a fire crab changed into a spriggan
   321 | D        | Noticed a komodo dragon
   321 | D        | a yak changed into a komodo dragon
   323 | D        | Killed a red ugly thing
   323 | D        | Reached *** piety under Wu Jian
   323 | D        | Reached skill level 12 in Polearms
   323 | D        | Reached skill level 10 in Stealth
   323 | D        | Reached XP level 8. HP: 56/71 MP: 11/11
   329 | D        | Killed a komodo dragon
   329 | D        | Reached skill level 10 in Fighting
   332 | D        | Killed a spriggan
   335 | D        | Reached **** piety under Wu Jian
   335 | D        | Reached skill level 13 in Polearms
   342 | D        | Got the +9 long sword of Weboceic {speed, Fragile rPois rC+ Str+6}
   481 | D        | Entered arena 6.
   498 | D        | Reached XP level 9. HP: 40/79 MP: 12/12
   671 | D        | Entered arena 7.
   686 | D        | Reached ***** piety under Wu Jian
   712 | D        | Entered arena 8.
   720 | D        | Reached skill level 14 in Polearms
   739 | D        | Reached ****** piety under Wu Jian
   757 | D        | Got the cursed ring "Beyzuon" {+Inv rF+ rN+ Str-3 Dex-4}
   762 | D        | Entered arena 9.
   762 | D        | Noticed a rime drake
   774 | D        | Killed a rime drake
   774 | D        | Reached skill level 15 in Polearms
   779 | D        | Reached XP level 10. HP: 89/89 MP: 13/13
   804 | D        | Entered arena 10.
   804 | D        | Noticed a naga mage
   804 | D        | Noticed a naga mage
   829 | D        | Killed a naga mage
   834 | D        | Reached skill level 15 in Dodging
   842 | D        | Killed a naga mage
   842 | D        | Reached skill level 16 in Polearms
  1115 | D        | Entered arena 11.
  1169 | D        | Entered arena 12.
  1169 | D        | Noticed a wolf spider
  1169 | D        | Noticed an orb spider
  1169 | D        | Noticed a wolf spider
  1173 | D        | Noticed a torpor snail
  1191 | D        | Killed a wolf spider
  1204 | D        | Killed a wolf spider
  1204 | D        | Reached skill level 17 in Polearms
  1207 | D        | Reached skill level 15 in Stealth
  1207 | D        | Reached XP level 11. HP: 91/99 MP: 14/14
  1219 | D        | Killed an orb spider
  1511 | D        | Entered arena 13.
  1511 | D        | Noticed a necromancer
  1511 | D        | Noticed a vampire knight
  1514 | D        | Noticed an ancient lich
  1516 | D        | Noticed a necromancer
  1539 | D        | Killed a vampire knight
  1539 | D        | Reached skill level 18 in Polearms
  1541 | D        | Killed a necromancer
  1545 | D        | Killed a necromancer
  1549 | D        | HP: 2/101 [ancient lich (5)]
  1549 | D        | Slain by a necrophage

Vault maps used:
D:        sprint_v

Skill      XL: |  1  2  3  4  5  6  7  8  9 10 11 |
---------------+----------------------------------+-----
Fighting       | 3 5 6 7 8 9 10 12 13 14 | 14.7
Polearms       | 4 7 9 10 12 13 15 17 18 | 18.4
Dodging        | 5 7 9 10 11 12 14 16 17 | 17.2
Stealth        | 4 6 7 8 9 10 11 13 15 | 15.9
Spellcasting   | |  2.0
Transmutations | |  1.3
Earth Magic    | |  2.4

Action                   |  1- 3 |  4- 6 |  7- 9 | 10-12 || total
-------------------------+-------+-------+-------+-------++-------
Melee: Lance             |     5 |    22 |   125 |   173 ||   325
Invok: Serpent's Lash    |       |       |       |     1 ||     1
  Use: Potion            |     2 |     2 |     1 |     4 ||     9
 Stab: Sleeping          |       |       |     3 |       ||     3
       Confused          |       |       |     2 |     2 ||     4
       Invisible         |       |       |       |     7 ||     7
  Eat: Meat ration       |       |       |       |     1 ||     1
Armor: Robe              |       |     2 |     7 |       ||     9
       Leather armour    |       |       |    15 |    10 ||    25
Dodge: Dodged            |     3 |    12 |   104 |   178 ||   297
